AoeStats
← Tavik

Nomad

503714116Analyzed
2v2 RM · 1mo ago on Sep 1, 2026· 51m 52s· 4 players
Game mode
Random Map
Map size
176×176
Population
200
Speed
Normal
Resources
Standard
Victory
Conquest
Starting age
Dark Age
Ending age
Imperial Age
RankedLock teamsTeams togetherTeam positionsShared explorationLock speedFull tech treeHidden civsTurbo modeCheats
Victory
Defeat
🇦🇷 Koreans · Argentina
1281
+18
🇩🇪 Cumans · Germany
1193
+22
🇨🇿 Japanese · Czechia
1354
-21
🇨🇿 Saracens · Czechia
1313
-19
unzelfunzel
13:14 Feudal Age
14:05 Loom
14:56 Wheelbarrow
14:11 Double-Bit Axe
15:22 Horse Collar
25:43 Castle Age
24:28 Bloodlines
24:25 Scale Barding Armor
24:40 Forging
26:51 Chain Barding Armor
27:07 Iron Casting
27:33 Hand Cart
27:26 Heavy Plow
40:27 Imperial Age
40:35 Elite Steppe Lancer
42:20 Plate Barding Armor
42:46 Blast Furnace
41:32 Capped Ram
42:32 Siege Ram
49:57 Gold Mining
50:42 Conscription
50:24 Steppe Husbandry
Ganar Ganar Ganar
12:36 Loom
14:33 Feudal Age
16:27 Fishing Lines
18:22 Town Watch
21:17 Castle Age
20:52 Fletching
20:55 Stone Mining
22:06 Bodkin Arrow
22:54 Wheelbarrow
24:48 Wheelbarrow
23:59 Double-Bit Axe
24:55 Scale Barding Armor
25:23 Gillnets
26:24 Gold Mining
30:17 Bow Saw
35:23 Chain Barding Armor
35:56 Murder Holes
37:26 Horse Collar
41:48 Chain Barding Armor
47:58 Imperial Age
45:11 Elite Skirmisher
47:02 Thumb Ring
47:37 Heavy Plow
48:59 Hand Cart
49:41 Ballistics
52:06 Chemistry
Melioth
4:26 Loom
13:17 Feudal Age
14:51 Double-Bit Axe
17:12 Fletching
18:58 Fishing Lines
19:25 Gold Mining
22:00 Castle Age
20:18 Horse Collar
21:07 Stone Mining
23:25 Bow Saw
23:55 Gold Shaft Mining
23:23 Heavy Plow
24:22 Medium Warships
24:47 Bodkin Arrow
25:20 Forging
25:16 Scale Barding Armor
28:45 Iron Casting
28:31 Chain Barding Armor
29:44 Gillnets
30:53 Wheelbarrow
31:01 Bloodlines
30:51 Husbandry
36:12 Hand Cart
40:43 Imperial Age
41:06 Elite Mameluke
42:07 Conscription
41:21 Light Cavalry
43:03 Blast Furnace
42:39 Plate Barding Armor
43:02 Coinage
46:30 Hussar
Tavik
5:27 Loom
15:04 Feudal Age
19:40 Castle Age
19:07 Fletching
19:20 Double-Bit Axe
20:41 Medium Warships
21:02 Bodkin Arrow
24:19 Wheelbarrow
29:06 Ballistics
29:22 Thumb Ring
29:09 Horse Collar
29:47 Crossbowman
33:58 Padded Archer Armor
37:27 Imperial Age
38:57 Bracer
41:23 Chemistry
Connection lost

Rejoining the realm…

Still unreachable

The connection could not be restored.

Session expired

The server has moved on; the page needs a fresh start.